 Dungeon Crawl Stone Soup version 0.18-a0-5-gf1fb587 (webtiles) character file.

164 radek the Conjurer (level 5, 0/28 HPs)
             Began as a Deep Elf Conjurer on Oct 31, 2015.
             Succumbed to Raultor's ghost's poison
             ... on level 3 of the Dungeon.
             The game lasted 00:11:56 (3161 turns).

radek the Conjurer (Deep Elf Conjurer)              Turns: 3161, Time: 00:11:56

Health: 0/28       AC:  3    Str: 11    XL:     5   Next: 21%
Magic:  8/11       EV: 13    Int: 20    God:
Gold:   164        SH:  0    Dex: 15    Spells: 1 memorised, 9 levels left

rFire  . . .     SeeInvis .     j - +0 dagger
rCold  . . .     Clarity  .     a - +0 robe
rNeg   . . .     SustAt   .     (no shield)
rPois  .         Gourm    .     (no helmet)
rElec  .         Spirit   .     (no cloak)
rCorr  .         Warding  .     s - +0 pair of gloves
rMut   .         Stasis   .     (no boots)
MR     .....                    (no amulet)
Stlth  ++........               (no ring)
                                (no ring)

@: mighty, lethally poisoned (0 -> -26), not resistant to hostile enchantments,
unstealthy
A: no striking features
a: no special abilities


You were on level 3 of the Dungeon.
You were not hungry.

You visited 1 branch of the dungeon, and saw 4 of its levels.

You collected 164 gold pieces.

Inventory:

Hand Weapons
 j - a +0 dagger (weapon)
Armour
 a - a +0 robe (worn)
 s - a +0 pair of gloves (worn)
Jewellery
 u - an uncursed ring of teleportation
Wands
 o - a wand of polymorph (10)
Scrolls
 c - a scroll of remove curse
 e - a scroll of fog {unknown}
 g - a scroll of fear {unknown}
 h - 4 scrolls of immolation {unknown}
 i - a scroll of noise {unknown}
 k - a scroll of enchant weapon {unknown}
 l - 6 scrolls of identify {unknown}
 m - a scroll of blinking {unknown}
 r - 2 scrolls of recharging {unknown}
Potions
 p - a potion of might
Books
 b - a book of Conjurations

   Spells                             Type                      Level
   a - Magic Dart                     Conjuration                  1
   b - Searing Ray                    Conjuration                  2
   c - Dazzling Spray                 Conjuration/Hexes            3
   d - Fulminant Prism                Conjuration/Hexes            4
   e - Iskenderun's Mystic Blast      Conjuration                  4
   f - Iskenderun's Battlesphere      Conjuration/Charms           5
Miscellaneous
 q - a plain deck of changes
Comestibles
 d - 6 fruits
 f - 2 meat rations
 t - a bread ration
 v - 2 chunks of flesh


   Skills:
 - Level 2.4 Dodging
 - Level 2.4 Stealth
 - Level 3.0 Spellcasting
 + Level 7.2 Conjurations


You had 9 spell levels left.
You knew the following spells:

 Your Spells              Type           Power        Failure   Level  Hunger
a - Magic Dart            Conj           ####         1%          1    None


Dungeon Overview and Level Annotations

Branches:
Dungeon (4/15)
 Temple: D:4-7

Altars:
Ashenzari
Elyvilon
Nemelex Xobeh

Annotations:
D:3 Raultor's ghost, amateur OpTm
D:4 Dowan; Duvessa


Message History

You feel sick.
Casting: Magic Dart
Confirm with . or Enter, or press ? or * to list all spells.
Aiming: Magic Dart
Press: ? - help, Shift-Dir - straight line, f/p - Raultor's ghost
Aim: Raultor's ghost, wielding a weapon of venom (lightly damaged)
The magic dart hits Raultor's ghost.
Raultor's ghost is lightly damaged.
* * * LOW HITPOINT WARNING * * *
You feel sick. Raultor's ghost hits you.
* * * LOW HITPOINT WARNING * * *
You are more poisoned.
Casting: Magic Dart
Confirm with . or Enter, or press ? or * to list all spells.
Aiming: Magic Dart
Press: ? - help, Shift-Dir - straight line, f/p - Raultor's ghost
Aim: Raultor's ghost, wielding a weapon of venom (lightly damaged)
The magic dart hits Raultor's ghost.
Raultor's ghost is moderately damaged.
You die...

#..............# #
#......#######.#
#......# ...
#......# #...
#......# ..#..
...#'#..# .# .
....#.#..# .#
....#.#..# ..
#@#..#
.#..W.......
######.#.#.#######
#..[........
#.#.##.# #.#
#.#.##.# #.#
#.#.<#.#.#.#
######.#W##.#†#.#
#.....)#..W...#.#


You could see Raultor's ghost.

Vanquished Creatures
  A worker ant (D:4)
  3 gnolls (D:2)
  5 adders
  2 oozes
  2 worms
  A ball python (D:4)
  9 bats
  A giant cockroach (D:2)
  11 goblins
  7 hobgoblins
  3 giant newts (D:2)
  4 jackals (D:1)
  4 kobolds
  10 rats
63 creatures vanquished.

Notes
Turn   | Place    | Note
--------------------------------------------------------------
     0 | D:1      | radek the Deep Elf Conjurer began the quest for the Orb.
     0 | D:1      | Reached XP level 1. HP: 10/10 MP: 6/6
   343 | D:1      | Reached XP level 2. HP: 15/15 MP: 6/8
   397 | D:1      | Reached skill level 5 in Conjurations
  1059 | D:1      | Reached XP level 3. HP: 19/19 MP: 7/9
  1572 | D:2      | Reached skill level 6 in Conjurations
  1629 | D:2      | Found a white marble altar of Elyvilon.
  1745 | D:2      | Reached XP level 4. HP: 24/24 MP: 7/10
  2239 | D:2      | Found a sparkling altar of Nemelex Xobeh.
  2564 | D:3      | Noticed Raultor's ghost (amateur OpTm)
  2685 | D:3      | Found a shattered altar of Ashenzari.
  2912 | D:3      | Reached skill level 7 in Conjurations
  2912 | D:3      | Reached XP level 5. HP: 26/28 MP: 7/11
  3126 | D:4      | Noticed Duvessa
  3127 | D:4      | Noticed Dowan
  3161 | D:3      | Succumbed to Raultor's ghost's poison

Vault maps used:
D:1:      minmay_arrival_split_and_join, hangedman_decor_opposing
D:2:      overflow_temple_1_default, nemelex_deck
D:3:      lemuel_doored_altar, minmay_overflow_temple_star_quad, first_bread
D:4:      kennysheep_another_room, uniq_duvessa, uniq_robin

Action                   |  1- 3 |  4- 6 || total
-------------------------+-------+-------++-------
 Cast: Magic Dart        |    76 |    85 ||   161
  Use: Scroll            |       |     1 ||     1
       Potion            |       |     2 ||     2
  Eat: Bread ration      |     1 |       ||     1
       Chunk             |       |     2 ||     2
